Map: Megaton

Players

JagrsMullets - Winner!

  • Race: Protoss Protoss
  • Spawn Location: 5:00

VOD

Have the link to the VOD?

Description

Time

  • Played on: Dec. 26, 2017, 4:26 p.m.
  • Length: 12:01
Show
View Real Time Build Order
Export as new Build Order

JagrsMullets Protoss - Winner!

Build Orders:  

Get SALT Encoding   

  12  0:04  Probe  
  12  0:23  Probe (Chrono Boost)  
  12  0:32  Pylon  
  12  0:42  Probe  
  12  0:54  Probe  
  12  1:00  Gateway  
  12  1:06  Assimilator  
  12  1:17  Nexus  
  12  1:24  Probe (Chrono Boost)  
  12  1:34  Probe (Chrono Boost)  
  12  1:39  Probe (Chrono Boost)  
  12  1:46  Assimilator  
  12  1:50  Probe  
  12  1:52  Cybernetics Core  
  12  2:02  Probe  
  12  2:31  Probe (Chrono Boost)  
  12  2:42  Probe (Chrono Boost)  
  12  2:43  Assimilator  
  12  2:47  Probe (Chrono Boost)  
  12  2:48  Assimilator  
  12  2:51  Probe (Chrono Boost)  
  12  2:53  Gateway  
  12  2:54  Probe (Chrono Boost)  
  12  2:59  Probe x2 (Chrono Boost)  
  12  3:09  Probe  
  12  3:11  Probe  
  12  3:13  Warp Gate (Chrono Boost)  
  12  3:17  Gateway  
  12  3:23  Probe  
  12  3:35  Probe  
  12  3:45  Stalker  
  12  3:46  Stalker  
  12  3:49  Probe (Chrono Boost)  
  12  3:55  Probe (Chrono Boost)  
  12  4:11  Pylon  
  12  4:13  Pylon  
  12  4:17  Twilight Council  
  12  4:25  Robotics Facility  
  12  4:29  Stalker, Robotics Facility, Adept, Probe  
  12  4:41  Probe  
  12  4:56  Adept (Chrono Boost), Resonating Glaives (Chrono Boost)  
  12  4:59  Adept (Chrono Boost), Pylon  
  12  5:02  Pylon  
  12  5:20  Adept (Chrono Boost)  
  12  5:21  Adept (Chrono Boost)  
  12  5:24  Robotics Bay  
  12  5:29  Immortal  
  12  5:33  Probe (Chrono Boost)  
  12  5:40  Adept  
  12  5:43  Adept  
  12  5:45  Probe (Chrono Boost)  
  12  5:50  Probe (Chrono Boost)  
  12  5:52  Adept  
  12  5:59  Probe  
  12  6:07  Adept  
  12  6:10  Probe (Chrono Boost)  
  12  6:20  Probe (Chrono Boost), Pylon  
  12  6:23  Pylon  
  12  6:29  Blink  
  12  6:38  Immortal (Chrono Boost), Adept x2  
  12  6:45  Immortal (Chrono Boost)  
  12  6:52  Probe  
  12  6:54  Probe  
  12  7:01  Pylon  
  12  7:03  Pylon  
  12  7:05  Adept  
  12  7:06  Pylon  
  12  7:09  Pylon  
  12  7:12  Pylon  
  12  7:15  Pylon  
  12  7:16  Observer Gravitic Boosters  
  12  7:19  Immortal, Adept  
  12  7:21  Immortal  
  12  7:32  Adept  
  12  7:46  Adept  
  12  7:58  Observer  
  12  7:59  Adept  
  12  8:01  Immortal  
  12  8:03  Stargate  
  12  8:13  Stalker, Extended Thermal Lance  
  12  8:16  Forge  
  12  8:23  Immortal (Chrono Boost)  
  12  8:30  Forge  
  12  8:43  Colossus (Chrono Boost)  
  12  8:53  Stalker x2  
  12  9:12  Fleet Beacon  
  12  9:19  Probe  
  12  9:21  Probe  
  12  9:29  Colossus  
  12  10:12  Pylon  
  12  10:14  Pylon  
  12  10:18  Pylon  
  12  10:20  Pylon  
  12  10:23  Pylon  
  12  10:27  Pylon  
  12  10:28  Colossus (Chrono Boost)  
  12  10:31  Pylon  
  12  10:32  Colossus (Chrono Boost)  
  12  10:33  Pylon  
Tags
 
Add a new tag
Caveats
  • Supply blocks, unpowered buildings, or Contaminate may cause inaccurate times.
  • Supply counts are checked every 10 seconds.